 Dungeon Crawl Stone Soup version 0.26-a0-663-g36e8fdb655 (webtiles) character file.

Game seed: 14934941396120110888

1908 DogServant the Chiller (level 9, -17/74 HPs)
             Began as a Ghoul Ice Elementalist on Oct 11, 2020.
             Was an Initiate of Ru.
             Demolished by an orc warrior
             ... wielding a +2 flail of holy wrath
              (27 damage)
             ... on level 6 of the Dungeon.
             The game lasted 00:20:38 (9819 turns).

DogServant the Chiller (Ghoul Ice Elementalist)     Turns: 9819, Time: 00:20:38

Health: -17/74     AC:  5    Str: 14    XL:     9   Next: 16%
Magic:  7/13       EV: 11    Int: 10    God:    Ru [......]
Gold:   200        SH:  0    Dex: 10    Spells: 4/15 levels left

rFire    . . .     SeeInvis .     - Unarmed
rCold    + . .     Faith    .   (no shield)
rNeg     + + +     Spirit   .   w - +0 ring mail
rPois    ∞         Reflect  .   (no helmet)
rElec    .         Harm     .   (no cloak)
rCorr    .         Rampage  .   (no gloves)
MR       .....                  (no boots)
Stlth    +.........             (no amulet)
HPRegen  0.00/turn              (no ring)
MPRegen  0.13/turn              (no ring)

@: frozen ramparts, very slightly contaminated
A: rotting body, claws 1, cold resistance 1, negative energy resistance 3,
inhibited regeneration, torment resistance, unbreathing
a: Renounce Religion


You were on level 6 of the Dungeon.
You worshipped Ru.
Ru was noncommittal.
You visited 2 branches of the dungeon, and saw 7 of its levels.
You also visited: Ossuary.

You collected 200 gold pieces.

Inventory:

Armour
 a - a +0 robe
 j - a +0 leather armour
 n - a +0 buckler
 p - a +0 cloak
 u - the +12 plate armour of Defiance {rF+ Int+3, unknown}
   (You found it on level 5 of the Dungeon)

   It affects your intelligence (+3).
   It protects you from fire.
 w - a +0 ring mail (worn)
Wands
 h - a wand of paralysis (10)
 o - a wand of polymorph (7)
 t - a wand of iceblast (12)
Scrolls
 b - 7 scrolls of teleportation
 c - a scroll of identify
 d - 3 scrolls of enchant weapon
 e - a scroll of fog
 f - 2 scrolls of blinking
 g - 3 scrolls of enchant armour
 l - 5 scrolls of remove curse
Potions
 i - 2 potions of ambrosia
 k - 2 potions of lignification
 m - a potion of haste
 q - 2 potions of cancellation
 r - 2 potions of flight
 s - 2 potions of mutation
 v - a potion of brilliance
 x - a potion of degeneration {unknown}


   Skills:
 - Level 5.2 Fighting
 + Level 3.0 Armour
 - Level 2.5 Dodging
 - Level 3.0 Stealth
 + Level 7.2 Unarmed Combat
 - Level 3.7 Spellcasting
 - Level 7.2 Ice Magic
 + Level 0.0 Evocations


You had 4 spell levels left.
You knew the following spells:

 Your Spells              Type           Power        Failure   Level
a - Freeze                Ice            ###.         2%          1
b - Frozen Ramparts       Ice            ###...       9%          3
c - Ozocubu's Armour      Ice            ###.....     9%          3
d - Summon Ice Beast      Ice/Summ       #.......     75%         4

Your spell library contained the following spells:

 Spells                   Type           Power        Failure   Level
 Hailstorm                Conj/Ice       #.......     75%         4


Dungeon Overview and Level Annotations

Branches:
Dungeon (6/15)             Temple (1/1) D:5         Ossuary (visited)

Altars:
Ashenzari
Cheibriados
Dithmenos
Elyvilon
Gozag
Hepliaklqana
Kikubaaqudgha
Nemelex Xobeh
Okawaru
Ru
Trog
Uskayaw
Vehumet
Wu Jian
Xom
Yredelemnul
Zin
The Shining One
Beogh

Shops:
D:4 :

Annotations:
D:4 3 runed translucent doors, nj0rd12's ghost, amateur KoHu


Innate Abilities, Weirdness & Mutations

Your body is rotting away.
You thrive by killing the living.
You are immune to poison.
You have sharp fingernails.
Your flesh is cold resistant. (rC+)
You are immune to negative energy. (rN+++)
You do not regenerate when monsters are visible.
You are immune to unholy pain and torment.
You can survive without breathing.


Message History

Confirm with . or Enter, or press ? or * to list all spells.
The walls around you are covered in ice.
The wall freezes the orc warrior.
The orc warrior barely misses you.
The wall freezes the orc warrior.
You scratch the orc warrior but do no damage.
You claw the orc warrior, but do no damage.
The orc warrior is moderately wounded.
The wall freezes the orc warrior.
The orc warrior hits you with a +2 flail of holy wrath!!
You convulse!!
Casting: Frozen Ramparts (dangerous; 9% risk of failure)
Confirm with . or Enter, or press ? or * to list all spells.
You miscast Ozocubu's Armour.
You are very lightly contaminated with residual magic.
Nothing appears to happen.
The wall freezes the orc priest.
The wall freezes the orc warrior.
The orc warrior hits you with a +2 flail of holy wrath!!
* * * LOW HITPOINT WARNING * * *
You convulse!!
You die...

..#########.#.......#
..##.######.###)....#
..............#.....#
............(.#....)#
#######..##...#.....#
#########.....#
#.....# #.....#
###o@...#
#o.#####....
#...o..#.... #.o.<..#
.. #......# ##.##..#
### ###


You could see an orc warrior and an orc wizard.

Vanquished Creatures
  Pikel (D:4)
  Edmund (D:6)
  An ogre (D:6)
  3 lemures (D:4)
  A bullfrog (D:6)
  2 scorpions
  4 wights (D:6)
  A howler monkey (D:4)
  A bullfrog zombie (D:5)
  A centaur zombie (D:6)
  A centaur skeleton (D:4)
  6 orc priests
  3 orc wizards
  2 iguanas
  5 worker ants
  5 big kobold zombies (Ossuary)
  A hound skeleton (D:5)
  A mummy (Ossuary)
  2 worker ant zombies
  3 gnolls (D:4)
  6 adders
  A shadow imp (D:6)
  A white imp (D:6)
  An ufetubus (D:5)
  4 worms
  3 dart slugs
  2 leopard geckos
  18 orcs
  2 spectral bats (Ossuary)
  4 giant cockroaches
  9 gnoll zombies
  7 goblins
  9 hobgoblins
  2 jackals (D:2)
  A ball python zombie (D:5)
  7 bats
  3 bat simulacra (Ossuary)
  5 frilled lizards
  2 goblin simulacra (Ossuary)
  5 goblin zombies (Ossuary)
  3 hobgoblin zombies (Ossuary)
  A jackal skeleton (D:5)
  4 kobolds
  6 kobold zombies (Ossuary)
  4 orc zombies (Ossuary)
  5 rats
  2 rat simulacra (Ossuary)
  3 spectral goblins (Ossuary)
  5 spectral rats (Ossuary)
170 creatures vanquished.

Notes
Turn   | Place    | Note
-------+----------+-------------------------------------------
     0 | D:1      | DogServant the Ghoul Ice Elementalist began the quest for
                  | the Orb.
     0 | D:1      | Reached XP level 1. HP: 14/14 MP: 2/2
   307 | D:1      | Reached skill level 1 in Unarmed Combat
   308 | D:1      | Reached XP level 2. HP: 20/20 MP: 3/3
   858 | D:1      | Reached XP level 3. HP: 27/27 MP: 2/4
  1154 | D:2      | Reached skill level 1 in Fighting
  1159 | D:2      | Learned a level 3 spell: Frozen Ramparts
  1554 | D:2      | Found a snail-covered altar of Cheibriados.
  1562 | D:2      | Reached skill level 5 in Ice Magic
  1577 | D:2      | Reached XP level 4. HP: 25/35 MP: 3/6
  1767 | D:2      | Learned a level 3 spell: Ozocubu's Armour
  3177 | D:3      | Found a basalt altar of Yredelemnul.
  4056 | D:4      | Found Abbulizu's Book Boutique.
  4070 | D:4      | Reached XP level 5. HP: 41/41 MP: 3/7
  4442 | D:4      | Reached XP level 6. HP: 32/50 MP: 1/8
  4934 | D:4      | Reached XP level 7. HP: 54/58 MP: 6/9
  5094 | D:4      | Noticed Pikel
  5112 | D:4      | Killed Pikel
  5112 | D:4      | Reached skill level 5 in Fighting
  5112 | D:4      | Reached skill level 5 in Unarmed Combat
  5112 | D:4      | Reached XP level 8. HP: 49/68 MP: 4/10
  5364 | D:4      | Found a runed translucent gate.
  5364 | D:4      | Found a runed translucent gate.
  5364 | D:4      | Found a runed translucent gate.
  5366 | D:4      | Noticed nj0rd12's ghost (amateur KoHu)
  5368 | D:4      | Identified the +7 mace "Jypofaoff" {vorpal, rN+++ Int-4}
  5373 | D:4      | Found a roughly hewn altar of Beogh.
  5601 | D:5      | Entered Level 5 of the Dungeon
  5732 | D:5      | Found a sand-covered staircase.
  5808 | Ossuary  | Entered an ossuary
  7272 | D:5      | Got an ancient plate armour
  7801 | D:5      | Found a staircase to the Ecumenical Temple.
  7860 | Temple   | Entered the Ecumenical Temple
  8046 | Temple   | Became a worshipper of Ru the Awakened
  8463 | D:6      | Noticed Edmund
  8469 | D:6      | Reached skill level 1 in Armour
  8484 | D:6      | Killed Edmund
  9245 | D:6      | Reached XP level 9. HP: 58/74 MP: 9/13
  9311 | D:6      | Learned a level 4 spell: Summon Ice Beast
  9819 | D:6      | Demolished by an orc warrior

Illustrated notes

Levels and vault maps discovered:
D:1:      dpeg_arrival_court, layout_rooms
D:2:      layout_basic, nicolae_overflow_crystal_walls
D:3:      layout_basic, lemuel_zombie_altar_yredelemnul
D:4:      layout_loops_ring, biasface_ghost_orc_armoury, serial_shops, shop,
          hangedman_glass_teeth, uniq_pikel
D:5:      layout_basic, minmay_temple_entry_statues_fountains,
          nicolae_ossuary_entry_false_entrances
D:6:      layout_gridville, uniq_edmund
Temple:   regret_index_temple_sphere_string

Skill      XL: |  1  2  3  4  5  6  7  8  9 |
---------------+----------------------------+-----
Unarmed Combat | 1 2 3 4 5 6 7 |  7.2
Spellcasting   | 2 3 |  3.7
Fighting       | 1 2 3 5 |  5.2
Ice Magic      | 5 6 7 |  7.2
Dodging        | 2 |  2.5
Armour         | 2 3 |  3.0
Stealth        | 3 |  3.0

Action                   |  1- 3 |  4- 6 |  7- 9 || total
-------------------------+-------+-------+-------++-------
Melee: Unarmed           |    81 |   137 |   340 ||   558
       Punch             |       |     2 |     3 ||     5
 Cast: Freeze            |    26 |    24 |       ||    50
       Frozen Ramparts   |       |    10 |    20 ||    30
       Ozocubu's Armour  |       |       |     8 ||     8
  Use: Scroll            |       |       |    19 ||    19
       Potion            |       |       |     2 ||     2
 Stab: Sleeping          |     1 |     5 |     3 ||     9
       Distracted        |       |       |     1 ||     1
Armor: Robe              |    21 |     5 |       ||    26
       Leather armour    |       |    19 |    37 ||    56
       Ring mail         |       |       |    19 ||    19
Dodge: Dodged            |    55 |    84 |   132 ||   271

Table legend: (Time is in decaauts)
 A = Elapsed time spent in this place.
 B = Non-inter-level travel time spent in this place.
 C = Inter-level travel time spent in this place.
 D = Time resting spent in this place.
 E = Time spent auto-exploring this place.
 F = Levels seen in this place.
 G = Mean time per level.
                   A        B        C        D        E       F      G
               +--------+--------+--------+--------+--------+-----+--------+
         Total |   9771 |   9213 |    558 |   1725 |   6065 |   8 | 1221.4 |
       Dungeon |   8438 |   7950 |    488 |   1538 |   5260 |   6 | 1406.3 |
        Temple |    211 |    141 |     70 |      0 |    134 |   1 |  211.0 |
       Ossuary |   1121 |   1121 |      0 |    187 |    671 |   1 | 1121.0 |
               +--------+--------+--------+--------+--------+-----+--------+

Top non-repeatable levels by time:
     D:2: 1690 daAuts
     D:4: 1565 daAuts
     D:5: 1497 daAuts
     D:3: 1412 daAuts
     D:6: 1350 daAuts
 Ossuary: 1121 daAuts
     D:1: 922 daAuts
  Temple: 211 daAuts
